 Dungeon Crawl Stone Soup version 0.27.0-1-g7a08968 (webtiles) character file.

Game seed: 16137950199934542253

89 BoldKobold the Cleaver (level 4, -1/40 HPs)
             Began as a Hill Orc Fighter on July 31, 2021.
             Slain by Crazy Yiuf (20 damage)
             ... on level 2 of the Dungeon.
             The game lasted 00:09:08 (1354 turns).

BoldKobold the Cleaver (Hill Orc Fighter)           Turns: 1354, Time: 00:09:12

Health: -1/40      AC:  6    Str: 19    XL:     4   Next: 55%
Magic:  4/4        EV:  7    Int:  8    God:
Gold:   77         SH:  9    Dex: 10    Spells: 3/3 levels left

rFire    . . .     SeeInvis .   a - +0 war axe
rCold    . . .     Faith    .   c - +0 kite shield
rNeg     . . .     Spirit   .   b - +0 scale mail
rPois    .         Reflect  .   (no helmet)
rElec    .         Harm     .   (no cloak)
rCorr    .         Rampage  .   (no gloves)
Will     .....                  (no boots)
Stlth    ..........             (no amulet)
HPRegen  0.13/turn              (no ring)
MPRegen  0.09/turn              (no ring)

@: lethally poisoned (-1 -> -7)
A: no striking features
a: no special abilities


You were on level 2 of the Dungeon.
You visited 1 branch of the dungeon, and saw 2 of its levels.

You collected 77 gold pieces.

Inventory:

Hand Weapons
 a - a +0 war axe (weapon)
Missiles
 e - 21 poisoned darts (quivered)
 h - 7 silver javelins
Armour
 b - a +0 scale mail (worn)
 c - a +0 kite shield (worn)
Scrolls
 f - a scroll of identify
Potions
 d - a potion of might
 i - a potion of heal wounds {unknown}


   Skills:
 + Level 4.0 Fighting
 + Level 13.4 Axes
 + Level 0.6 Throwing
 + Level 3.6 Armour
 + Level 3.8 Shields


You had 3 spell levels left.
You didn't know any spells.
Your spell library contained the following spells:

 Spells                   Type           Power      Damage    Failure   Level
 Sublimation of Blood     Necr           0%         N/A       100%        2
 Petrify                  Tmut/Erth      0%         N/A       100%        4
 Irradiate                Conj/Tmut      0%         3d14      100%        5


Dungeon Overview and Level Annotations

Branches:
Dungeon (2/15)

Altars:

Annotations:
D:2 Crazy Yiuf


Message History

You see here a +0 club.
Found a mace.
Found two maces.
You see here a +0 mace.
Found six maces and a glowing mace.
Found a runed translucent door.
You see here a +0 mace.
Crazy Yiuf shouts!
Found a mace.
You see here a +0 mace.
You see here a +0 mace.
Found a runed mace and two maces.
You see here a +0 mace.
Press: ? - help, v - describe, . - travel, g - get item
Here: Crazy Yiuf, wielding a +2 quarterstaff of chaos and wearing a +0 cloak (fire blocked by a runed translucent door) Item here: a mace.
The floor.
Cleave: a) +0 war axe
Press: ? - help, Dir - move target, f - Crazy Yiuf
Aim: Crazy Yiuf, wielding a +2 quarterstaff of chaos and wearing a +0 cloak (fire blocked by a runed translucent door, about 35% to evade your +0 war axe)
Your weapon can't reach that far!
Okay, then.
Press: ? - help, v - describe, . - travel, g - get item
Here: Crazy Yiuf, wielding a +2 quarterstaff of chaos and wearing a +0 cloak (fire blocked by a runed translucent door) Item here: a mace.
The floor.
You open the door. You closely miss Crazy Yiuf.
Crazy Yiuf hits you with a +2 quarterstaff of chaos.
You are poisoned.
You slash Crazy Yiuf!
Crazy Yiuf is moderately wounded.
You feel sick.
Crazy Yiuf hits you with a +2 quarterstaff of chaos!
You hit Crazy Yiuf.
Crazy Yiuf is heavily wounded.
You feel sick.
Crazy Yiuf hits you with a +2 quarterstaff of chaos!
You are electrocuted!!
Ouch! That really hurt!
You die...

.. .. #.# ###.### ###
♣♣##.....# #)))#♣♣
♣♣.#......#
#.))g@♣♣♣♣...).....##.
#)))#♣))♣).........##.
### ♣♣♣)♣).#.........
♣♣♣♣♣##.....##.
##..#.##. ##.##.##.
#..##.##. ####.###....
##....# #####


You could see Crazy Yiuf.

Vanquished Creatures
  An adder (D:2)
  A dart slug (D:2)
  7 ball pythons
  4 endoplasms
  2 giant cockroaches
  6 goblins
  5 jackals
  3 kobolds (D:1)
  A quokka (D:1)
  4 bats
  A frilled lizard (D:1)
  4 rats (D:1)
39 creatures vanquished.

Vanquished Creatures (others)
  3 plants (D:1)
3 creatures vanquished.

Grand Total: 42 creatures vanquished

Notes
Turn   | Place    | Note
-------+----------+-------------------------------------------
     0 | D:1      | BoldKobold the Hill Orc Fighter began the quest for the
                  | Orb.
     0 | D:1      | Reached XP level 1. HP: 19/19 MP: 1/1
   363 | D:1      | Reached XP level 2. HP: 26/26 MP: 2/2
   865 | D:1      | Reached XP level 3. HP: 32/33 MP: 3/3
   990 | D:1      | Reached skill level 13 in Axes
   990 | D:1      | Reached XP level 4. HP: 40/40 MP: 4/4
  1347 | D:2      | Found a runed translucent door.
  1348 | D:2      | Noticed Crazy Yiuf
  1354 | D:2      | Slain by Crazy Yiuf

Illustrated notes

Levels and vault maps discovered:
D:1:      psy_arrival_conway, layout_loops_ring
D:2:      layout_rooms, uniq_crazy_yiuf_cottage, uniq_sigmund

Skill      XL: |  1  2  3 |
---------------+----------+-----
Fighting       | 4 |  4.0
Axes           | 13 | 13.4
Throwing       | |  0.6
Armour         | |  3.6
Shields        | |  3.8

Action                   |  1- 3 |  4- 6 || total
-------------------------+-------+-------++-------
Melee: War axe           |    76 |    40 ||   116
  Use: Scroll            |     1 |       ||     1
       Potion            |     1 |       ||     1
Armor: Scale mail        |    48 |    18 ||    66
Dodge: Dodged            |    21 |    17 ||    38
Block: Kite shield       |    46 |    15 ||    61
